 Dungeon Crawl Stone Soup version 0.13-b1-17-g3cedf87 (webtiles) character file.

194 Kae the Ruinous (level 4, 0/24 HPs)
             Began as a Tengu Fire Elementalist on Sept 30, 2013.
             Slain by a gnoll
             ... wielding a +0,+0 whip
              (11 damage)
             ... on Level 2 of the Dungeon.
             The game lasted 00:03:23 (1756 turns).

Kae the Ruinous (Tengu Fire Elementalist)           Turns: 1756, Time: 00:03:23

HP   0/24        AC  2     Str  8      XL: 4   Next: 24%
MP   0/8         EV 11     Int 17      God:
Gold 123         SH  8     Dex 14      Spells:  1 memorised,  5 levels left

Res.Fire  : + . .   See Invis. : .   f - +2,+0 elf short sword
Res.Cold  : + . .   Warding    : .   a - +0 robe
Life Prot.: . . .   Conserve   : .   h - +1 buckler
Res.Poison: .       Res.Corr.  : .   (helmet restricted)
Res.Elec. : .       Clarity    : .   (no cloak)
Sust.Abil.: . .     Spirit.Shd : .   (no gloves)
Res.Mut.  : .       Stasis     : .   (boots unavailable)
Res.Rott. : .       Flight     : .   (no amulet)
Saprovore : . . .                    i - ring of protection from cold
                                     p - ring of protection from fire

@: slightly resistant to hostile enchantments, fairly stealthy
A: beak, talons 3
a: no special abilities


You were on level 2 of the Dungeon.
You were hungry.

You visited 1 branch of the dungeon, and saw 2 of its levels.

You collected 103 gold pieces.

Inventory:

Hand weapons
 f - a +2,+0 elven short sword (weapon)
Missiles
 d - 33 darts (quivered)
Armour
 a - a +0 robe (worn)
 h - a +1 buckler (worn)
Comestibles
 c - 2 bread rations
 j - an apple
 m - a meat ration
Scrolls
 g - a scroll of recharging
 l - a scroll of identify
 n - a scroll of random uselessness
Jewellery
 i - a ring of protection from cold (right hand)
 o - an uncursed ring of protection from fire
 p - a ring of protection from fire (left hand)
 s - an uncursed ring of protection from cold
Potions
 e - a potion of curing
 k - a potion of brilliance {unknown}
Books
 b - a book of Flames

   Spells                             Type                      Level
   *Flame Tongue                      Conjuration/Fire             1
   Throw Flame                        Conjuration/Fire             2
   Conjure Flame                      Conjuration/Fire             3
   Inner Flame                        Hexes/Fire                   3
   Sticky Flame                       Conjuration/Fire             4
   Fireball                           Conjuration/Fire             5


   Skills:
 - Level 2.1 Dodging
 - Level 2.0 Stealth
 + Level 1.6 Spellcasting
 * Level 4.1 Conjurations
 + Level 3.8 Fire Magic


You had 5 spell levels left.
You knew the following spells:

 Your Spells              Type           Power        Failure   Level  Hunger
a - Flame Tongue          Conj/Fire      ##...        6%          1    ##.....


Dungeon Overview and Level Annotations

Branches:
Dungeon (2/27)

Altars:
Elyvilon


Innate Abilities, Weirdness & Mutations

You have a beak for a mouth.
You have claws for feet.


Message History

The flame hits the gnoll.
The gnoll is severely wounded.
The gnoll completely misses you.
Casting: Flame Tongue
Confirm with . or Enter, or press ? or * to list all spells.
Aiming: Flame Tongue
Press: ? - help, Shift-Dir - straight line, f/p - gnoll
Aim: a gnoll, wielding a spear (severely wounded)
The flame misses the gnoll.
The flame hits the gnoll.
You kill the gnoll!
The gnoll picks up an orcish club.
Casting: Flame Tongue
Confirm with . or Enter, or press ? or * to list all spells.
Aiming: Flame Tongue
Press: ? - help, Shift-Dir - straight line, f - gnoll
Aim: a gnoll, wielding a whip The flame hits the gnoll.
The gnoll is moderately wounded.
The gnoll hits you with a whip!
You die...

#..##.#.##.###..# #.###..).......
#...............# #..............
.......[........###g.............
##.##.#....###..##..#.....#..##.#
#. #............g##.###.#.##....
# ###.##.###.g.##.♣.###.⌠.##..#
#.##.# #.g####.#.###.####.#
####.##.###.g#.#.###.#.#.#.#..
.............#@8.###.⌠.###.♣.#.
####.#.......#.###.#.#.#.#.#..
#.#..###..####.#.#.#.####.#
#......#.##.⌠.###.⌠.##..#
#.........##.#.#.#.##....
#..###.###..#.....#......
.......###.....#....##..#
................#.#####..#
..#######...............


You could see 3 gnolls.

Vanquished Creatures
  2 adders (D:2)
  A gnoll (D:2)
  3 giant geckos (D:2)
  6 bats
  5 hobgoblins
  5 kobolds (D:1)
  2 giant cockroaches (D:2)
  2 giant newts (D:1)
  8 goblins
  5 rats (D:1)
39 creatures vanquished.

Notes
Turn   | Place    | Note
--------------------------------------------------------------
     0 | D:1      | Kae, the Tengu Fire Elementalist, began the quest for the Orb.
     0 | D:1      | Reached XP level 1. HP: 10/10 MP: 3/3
   252 | D:1      | Reached XP level 2. HP: 6/15 MP: 0/5
   850 | D:2      | Reached XP level 3. HP: 15/19 MP: 1/7
   918 | D:2      | Found a white marble altar of Elyvilon.
  1511 | D:2      | Reached skill level 4 in Conjurations
  1571 | D:2      | Reached XP level 4. HP: 11/24 MP: 3/8
  1756 | D:2      | Slain by a gnoll

Action                   |  1- 3 |  4- 6 || total
-------------------------+-------+-------++-------
Melee: Unarmed           |    12 |       ||    12
       Short sword       |    12 |     2 ||    14
 Cast: Flame Tongue      |    56 |    10 ||    66
  Use: Scroll            |     5 |       ||     5
 Stab: Sleeping          |     1 |       ||     1
